 Dungeon Crawl Stone Soup version 0.24.0-41-g2ae2f7f1be (webtiles) character file.

Game seed: 10361903699538850784, levelgen mode: deterministic

2692 Iamsoldier the Poker (level 9, -18/105 HPs)
             Began as a Demonspawn Berserker on Dec 12, 2019.
             Was an Elder of Trog.
             Demolished by a cyclops (23 damage)
             ... on level 7 of the Dungeon.
             The game lasted 00:14:49 (6670 turns).

Iamsoldier the Poker (Demonspawn Berserker)         Turns: 6670, Time: 00:14:51

Health: -18/105    AC: 24    Str: 19 (21) XL:     9   Next: 38%
Magic:  9/9        EV:  2    Int:  5 (8)  God:    Trog [****..]
Gold:   112        SH:  0    Dex: 17 (18) Spells: 8/8 levels left

rFire    . . .     SeeInvis .   a - +1 spear
rCold    . . .     Gourm    .   (no shield)
rNeg     + + +     Faith    .   (armour currently unavailable)
rPois    +         Spirit   .   (helmet currently unavailable)
rElec    .         Reflect  .   (cloak currently unavailable)
rCorr    .         Harm     .   (gloves currently unavailable)
MR       +....     NoTele   +   (boots unavailable)
Stlth    +++.......             B - amulet of the acrobat
HPRegen  0.27/turn              h - ring of protection from magic
MPRegen  0.11/turn              (no ring)

@: agile, tree-form, berserk cooldown
A: screaming 1
a: Berserk, Trog's Hand, Brothers in Arms, Renounce Religion


You were on level 7 of the Dungeon.
You worshipped Trog.
Trog was greatly pleased with you.
You were very hungry.
You were a tree.
You visited 1 branch of the dungeon, and saw 7 of its levels.

You collected 389 gold pieces.
You spent 277 gold pieces at shops.

Inventory:

Hand Weapons
 a - a +1 spear (weapon)
 j - a +0 scythe
Armour
 i - a +0 chain mail (melded)
 s - a +0 large shield
 A - a +1 pair of gloves (melded)
Jewellery
 f - an uncursed amulet of regeneration {unknown}
 h - a ring of protection from magic (left branch)
 m - an uncursed ring of ice
 v - an uncursed ring of protection from fire
 B - an amulet of the acrobat (around neck)
Wands
 p - a wand of flame (14)
Scrolls
 q - a scroll of enchant weapon
 r - 8 scrolls of identify
 u - 7 scrolls of teleportation
Potions
 b - a potion of mutation
 k - 2 potions of brilliance
 t - a potion of degeneration
 z - 2 potions of lignification
Comestibles
 d - 6 rations
 n - 3 chunks of flesh


   Skills:
 + Level 6.3 Fighting
 * Level 7.7 Polearms
 + Level 5.4 Armour
 + Level 5.2 Dodging
 - Level 2.6 Shields


You had 8 spell levels left.
You didn't know any spells.
Your spell library was empty.

Dungeon Overview and Level Annotations

Branches:
Dungeon (7/15)             Temple (0/1) D:7

Altars:
Ashenzari
Trog
Xom
The Shining One

Shops:
D:4 *([*


Innate Abilities, Weirdness & Mutations

((You have hooves in place of feet.))
((You have a pair of small antennae on your head.))
You occasionally shout uncontrollably at your foes.


Message History

The worker ant bites you but does no damage.
You hit the cyclops but do no damage.
The cyclops is heavily wounded.
You feel yourself speed up.
The shadow imp hits you but does no damage.
The worker ant waves its antennae.
The worker ant bites you but does no damage.
The cyclops hits you!
* * * LOW HITPOINT WARNING * * *
You puncture the cyclops!
The cyclops is heavily wounded.
The shadow imp hits you but does no damage.
The worker ant bites you but does no damage.
You hit the cyclops.
The cyclops is severely wounded.
The adder seems to regain its courage.
The shadow imp hits you but does no damage.
The worker ant bites you but does no damage.
The cyclops hits you!!
You die...

... #......
..# ..<....
#..# .......
...#
#.####.......
...#
#....).......
#### ## ##.#
#### #. #Sc#
...# #.##5#.#
##.# # #
#.♣##..# (#
#.#
#.##C#a.##.#
##...#
#..Z##.###...
...#
#.#..##..#
##. #.## #
###.#.## ## #
#.#
#.#..#.#..#
..# #..###..#
# ######
#####.#####.#
...#..
#...........#


You could see a cyclops, a centaur, a worker ant, an adder, a shadow imp and a
bullfrog zombie.

Vanquished Creatures
  Grinder (D:5)
  Sigmund (D:2)
  An acid dragon (D:7)
  Duvessa (D:7)
  2 ice beasts (D:7)
  A sky beast (D:7)
  5 ogres
  A phantom (D:4)
  3 bullfrogs (D:7)
  Dowan (D:7)
  2 scorpions
  An electric eel (D:6)
  3 howler monkeys (D:7)
  3 bullfrog zombies
  A crimson imp (D:7)
  A quasit (D:7)
  3 hounds
  2 orc priests
  2 jellies (D:6)
  An orc wizard (D:5)
  Terence (D:2)
  An iguana (D:4)
  6 worker ants
  7 gnolls
  A howler monkey skeleton (D:4)
  4 adders
  A shadow imp (D:7)
  3 oozes
  7 worms
  2 dart slugs
  3 leopard geckos
  10 orcs
  8 bats (D:1)
  5 giant cockroaches
  10 goblins
  9 hobgoblins
  9 jackals
  10 kobolds
  4 quokkas
  3 ball pythons (D:2)
  A ball python skeleton (D:4)
  7 frilled lizards
  A jackal skeleton (D:4)
  A leopard gecko skeleton (D:4)
  11 rats
161 creatures vanquished.

Vanquished Creatures (others)
  A big kobold (D:7)
  2 bullfrogs (D:7)
  2 scorpions (D:7)
  A worker ant (D:7)
  A giant cockroach (D:7)
7 creatures vanquished.

Grand Total: 168 creatures vanquished

Notes
Turn   | Place    | Note
-------+----------+-------------------------------------------
     0 | D:1      | Iamsoldier the Demonspawn Berserker began the quest for the
                  | Orb.
     0 | D:1      | Reached XP level 1. HP: 18/18 MP: 1/1
   167 | D:1      | Gained mutation: You have large cloven feet. [demonic
                  | ancestry]
   167 | D:1      | Reached XP level 2. HP: 24/24 MP: 2/2
   227 | D:1      | Reached skill level 3 in Polearms
   387 | D:1      | Reached ** piety under Trog
   479 | D:1      | Reached XP level 3. HP: 29/29 MP: 3/3
   744 | D:2      | Noticed Sigmund
   756 | D:2      | Killed Sigmund
   756 | D:2      | Reached skill level 4 in Polearms
   756 | D:2      | Reached XP level 4. HP: 37/37 MP: 4/4
   756 | D:2      | Gained mutation: You have hoof-like feet. [demonic
                  | ancestry]
   756 | D:2      | Reached XP level 5. HP: 42/42 MP: 5/5
   914 | D:2      | Noticed Terence
   932 | D:2      | Killed Terence
  1196 | D:2      | Reached XP level 6. HP: 45/48 MP: 6/6
  1213 | D:2      | Found a bloodstained altar of Trog.
  1617 | D:3      | Reached *** piety under Trog
  2804 | D:4      | Found Appu's Antique Armour Emporium.
  2941 | D:4      | Gained mutation: You have hooves in place of feet. [demonic
                  | ancestry]
  2941 | D:4      | Reached XP level 7. HP: 52/55 MP: 7/7
  2944 | D:4      | Reached skill level 5 in Polearms
  3167 | D:4      | Reached skill level 1 in Shields
  3187 | D:4      | Found Nomm's Assorted Antiques.
  3901 | D:4      | Reached skill level 5 in Fighting
  3901 | D:4      | Reached XP level 8. HP: 42/62 MP: 3/8
  4134 | D:4      | Found Muhez's Antique Weapon Shoppe.
  4230 | D:4      | Found Kuelaheg's General Store.
  4243 | D:4      | Bought a scroll of teleportation for 30 gold pieces
  4243 | D:4      | Bought a potion of curing for 30 gold pieces
  4329 | D:5      | Entered Level 5 of the Dungeon
  4433 | D:5      | Reached **** piety under Trog
  4449 | D:5      | Noticed Grinder
  4466 | D:5      | Killed Grinder
  4466 | D:5      | Reached skill level 6 in Polearms
  4679 | D:5      | Found a glowing golden altar of the Shining One.
  4724 | D:5      | Received a gift from Trog
  5069 | D:4      | Bought a pair of glowing gloves for 165 gold pieces
  5172 | D:4      | Bought a scroll labeled HORULALI OZEG for 26 gold pieces
  5172 | D:4      | Bought a scroll labeled QIYJAJI NARGH for 26 gold pieces
  5836 | D:6      | Found a shattered altar of Ashenzari.
  6207 | D:7      | Found a staircase to the Ecumenical Temple.
  6251 | D:7      | Reached skill level 7 in Polearms
  6262 | D:7      | Reached XP level 9. HP: 57/69 MP: 9/9
  6307 | D:7      | Reached skill level 5 in Armour
  6465 | D:7      | Reached skill level 5 in Dodging
  6503 | D:7      | Found a shimmering altar of Xom.
  6617 | D:7      | Noticed Duvessa
  6621 | D:7      | Noticed Dowan
  6625 | D:7      | Killed Duvessa
  6631 | D:7      | Killed Dowan
  6640 | D:7      | Noticed a cyclops
  6642 | D:7      | Gained mutation: You occasionally shout uncontrollably at
                  | your foes. [potion of mutation]
  6642 | D:7      | Gained mutation: You have a pair of small antennae on your
                  | head. [potion of mutation]
  6668 | D:7      | HP: 5/105 [cyclops (8)]
  6670 | D:7      | Demolished by a cyclops

Levels and vault maps discovered:
D:1:      matt_arrival_refuge, layout_basic
D:2:      layout_loops_ring, lemuel_coloured_pillars_altar,
          hangedman_decor_growths, uniq_terence, uniq_sigmund
D:3:      layout_loops_cross, first_ration
D:4:      layout_loops_ring, serial_shops, nicolae_shop_statue_plus,
          nicolae_shop_waterfront, shop_coins, shop_fountains, minivault_19,
          eino_small_chamber_without_monster, kennysheep_generic_room_16
D:5:      layout_rooms, tso_oasis_becter, serial_curves, eino_curves_01,
          eino_curves_01, uniq_grinder
D:6:      layout_loops_ring, old_standard_altar, serial_bayou_ford_a
D:7:      minmay_the_grid_plus [minmay_the_grid_empty,
          minmay_the_grid_small_cups, minmay_the_grid_all_tris,
          minmay_the_grid_slots, minmay_the_grid_prize_shrinking_boxes],
          layout_rooms, nicolae_overflow_crystal_walls,
          minmay_temple_entry_offerings, minmay_hedge_maze, xom_confusion_cloud,
          uniq_duvessa

Skill      XL: |  1  2  3  4  5  6  7  8  9 |
---------------+----------------------------+-----
Armour         | 2 3 4 5 |  5.4
Dodging        | 2 3 4 5 |  5.2
Polearms       | 3 4 5 7 |  7.7
Fighting       | 4 5 6 |  6.3
Shields        | 2 |  2.6

Action                   |  1- 3 |  4- 6 |  7- 9 || total
-------------------------+-------+-------+-------++-------
Melee: Spear             |    97 |   211 |   407 ||   715
       Kick              |    11 |    46 |   110 ||   167
Invok: Berserk           |     2 |     2 |     6 ||    10
       Trog's Hand       |       |     1 |       ||     1
Evoke: Wand              |       |       |     1 ||     1
  Use: Scroll            |       |       |    13 ||    13
       Potion            |       |       |     8 ||     8
  Eat: Chunk             |     1 |     9 |    10 ||    20
       Ration            |       |       |     2 ||     2
Armor: Animal skin       |    17 |       |       ||    17
       Chain mail        |     6 |    57 |   113 ||   176
       Skin              |       |       |    49 ||    49
Dodge: Dodged            |    33 |    62 |   114 ||   209
